 Dungeon Crawl Stone Soup version 0.29.0-11-gd7f09526c8 (webtiles) character file.

Game seed: 5366662540735498987

12317 groovy9 the Basher (level 11, -3/115 HPs)
             Began as a Troll Berserker on Sept 6, 2022.
             Was a High Priest of Trog.
             Slain by Sonja
             ... wielding a +2 short sword of distortion
              (22 damage)
             ... on level 11 of the Dungeon.
             The game lasted 00:51:22 (9402 turns).

groovy9 the Basher (Troll Berserker)                Turns: 9402, Time: 00:51:22

Health: -3/115     AC:  6    Str: 38    XL:     11   Next: 60%
Magic:  10/10      EV: 18    Int:  3    God:    Trog [*****.]
Gold:   631        SH:  5    Dex:  9    Spells: 10/10 levels left

rFire   . . .      SeeInvis .   e - +4 dire flail (drain)
rCold   . . .      Faith    .   (shield currently unavailable)
rNeg    . . .      Spirit   .   G - +1 robe of Wu Jian's Wrath {rPois Str+7 Archmagi}
rPois   +          Reflect  +   (helmet restricted)
rElec   .          Harm     .   C - +0 cloak
rCorr   .          Rampage  .   (gloves unavailable)
Will    .....      Archmagi +   (boots unavailable)
Stlth   +.........              g - amulet of reflection
HPRegen 1.09/turn               J - +4 ring of evasion
MPRegen 0.12/turn               h - +4 ring of evasion

@: on berserk cooldown, slowed, very slow
A: large, unfitting armour, claws 3, regeneration 1, shaggy fur 1, tough skin 1,
talons 1
a: Renounce Religion, Berserk, Trog's Hand, Brothers in Arms


You were on level 11 of the Dungeon.
You worshipped Trog.
Trog was extremely pleased with you.
You visited 1 branch of the dungeon, and saw 11 of its levels.

You collected 774 gold pieces.
You spent 143 gold pieces at shops.

Inventory:

Hand Weapons
 e - a +4 dire flail of draining (weapon)
 D - a +4 mace of freezing
 K - a +1 antimagic dire flail
Missiles
 A - a throwing net
 B - 22 poisoned darts (quivered)
Armour
 C - a +0 cloak (worn)
 G - the +1 robe of Wu Jian's Wrath (worn) {rPois Str+7 Archmagi}
   (You found it on level 9 of the Dungeon)

   Str:       It affects your strength (+7).
   rPois:     It protects you from poison.
   Archmagi:  It increases the power of your magical spells.
 L - a +2 cloak
Jewellery
 f - a +6 ring of dexterity
 g - an amulet of reflection (around neck)
 h - a +4 ring of evasion (right claw)
 k - a ring of resist corrosion
 v - a ring of positive energy
 z - a ring of protection from fire
 E - a +6 ring of dexterity
 J - a +4 ring of evasion (left claw)
Wands
 a - a wand of mindburst (5)
 q - a wand of flame (30)
 t - a wand of acid (6)
 F - a wand of polymorph (7)
Scrolls
 j - 4 scrolls of teleportation
 l - 2 scrolls of fear
 n - 2 scrolls of enchant armour
 o - 5 scrolls of blinking
 s - 3 scrolls of magic mapping
 y - a scroll of brand weapon
 M - 3 scrolls of summoning
Potions
 b - 2 potions of brilliance
 c - 8 potions of curing
 d - a potion of heal wounds
 i - 3 potions of ambrosia
 m - 2 potions of attraction
 p - 6 potions of flight
 r - 2 potions of magic
 u - a potion of haste
 w - a potion of invisibility
 x - 4 potions of lignification
 I - a potion of might {unknown}


   Skills:
 * Level 9.2 Fighting
 - Level 14.4 Maces & Flails
 - Level 2.4 Dodging


You had 10 spell levels left.
You didn't know any spells.
Your spell library contained the following spells:

 Spells                   Type           Power      Damage    Failure   Level
 Magic Dart               Conj           0%         1d3       52%         1
 Necrotise                Necr           0%         1d4       52%         1
 Searing Ray              Conj           0%         2d4       67%         2
 Stone Arrow              Conj/Erth      0%         3d7       88%         3
 Animate Armour           Summ/Erth      0%         N/A       99%         4
 Fulminant Prism          Conj/Hex       0%         3d6       99%         4
 Iskenderun's Mystic Bla  Conj/Tloc      0%         2d3       99%         4
 Lee's Rapid Deconstruct  Erth           0%         3d5*      100%        5
 Lehudib's Crystal Spear  Conj/Erth      0%         10d2      100%        8


Dungeon Overview and Level Annotations

Branches:
Dungeon (11/15)            Temple (0/1) D:6            Lair (0/5) D:11
    Orc (0/2) D:11

Altars:
Cheibriados
Makhleb
Okawaru
Xom

Shops:
D:3 =   D:6 (   D:7 !   D:10 ([?![

Annotations:
D:11 Sonja


Innate Abilities, Weirdness & Mutations

You are too large for most types of armour.
You have claws for hands.
Your natural rate of healing is unusually fast.
You are covered in fur. (AC +1)
You have tough skin. (AC +1)
You have sharp toenails.


Message History

Sonja blinks!
Sonja moves out of view.
Sonja completely misses you. x2; Sonja misses you.
Sonja hits you with a +2 short sword of distortion!
Space warps horribly around you. You block Sonja's attack.
Sonja barely misses you.
You completely miss Sonja. Your kick misses Sonja. Sonja barely misses you.
You block Sonja's attack.
Sonja hits you with a +2 short sword of distortion.
Space warps horribly around you!
You are too injured to fight recklessly!
You miss Sonja. Your kick misses Sonja. You miss Sonja. Your kick misses Sonja.
You block Sonja's attack. x2
Sonja hits you with a +2 short sword of distortion!
Space warps around you.
A red film seems to cover your vision as you go berserk!
You feel yourself moving faster!
You feel mighty!
Sonja hits you with a +2 short sword of distortion.
You blink.
You are too injured to fight recklessly!
You feel a strong urge to attack something.
Sonja gestures wildly while chanting.
Sonja blinks!
Sonja says, "Someone hired me to kill you, but I'm not supposed to say who."
Sonja zaps a wand.
The puff of flame hits you.
You feel your anger nearly subside.
You are no longer berserk.
You are exhausted.
You feel yourself slow down. Sonja completely misses you.
Sonja hits you with a +2 short sword of distortion. x2
Space warps around you.
You closely miss Sonja.
Sonja zaps a wand.
The puff of flame hits you!
You hit Sonja. You drain Sonja.
Sonja is moderately wounded.
Sonja misses you.
Sonja hits you with a +2 short sword of distortion.
Space warps horribly around you!!
* * * LOW HITPOINT WARNING * * *
Sonja hits you with a +2 short sword of distortion.
* * * LOW HITPOINT WARNING * * *
Space warps horribly around you!!
You die...

#...# ####.......# #######...#
#..........#
######.........#######.......##.#
.........................)...<...
............###.##..............#
#####.......#...........#.......#
##..........#...##..#...#.....#..
##.##########...K...#.....#.....#
...# ####@..##..#......### ...#
#....#......#..# # ...#..
...:.......#.##.....## # .......
###.###....# #...### # #......#
....##.# #...# # #......#
......... +..)# #
#...#+##+####.##.#.#####...# #
..............####.# #...### #
...##.........# #.# ###...# #


You could see Sonja (drained).

Vanquished Creatures
  A hydra (D:11)
  4 two-headed ogres
  Maurice (D:11)
  A gargoyle (D:11)
  An unseen horror (D:10)
  Psyche (D:9)
  A komodo dragon (D:11)
  A troll (D:10)
  A shadow (D:11)
  14 yaks
  2 wyverns (D:9)
  A basilisk (D:11)
  A steam dragon (D:8)
  4 vampire mosquitoes (D:10)
  Duvessa (D:7)
  4 water moccasins
  4 orc warriors
  3 ogres
  3 black bears
  An ice beast (D:3)
  6 centaurs
  A phantom (D:5)
  2 kobold brigands
  A necrophage (D:6)
  5 bullfrogs
  5 scorpions
  5 wights (D:8)
  Dowan (D:7)
  3 killer bees (D:8)
  3 howler monkeys
  7 orc priests
  A gnoll bouda (D:7)
  4 hounds
  A jelly (D:5)
  Jessica (D:3)
  Ijyb (D:3)
  4 iguanas
  10 orc wizards
  7 adders
  17 gnolls
  An ufetubus (D:5)
  4 dart slugs
  A worm (D:3)
  24 orcs
  5 endoplasms
  2 giant cockroaches
  6 hobgoblins
  5 quokkas
  5 ball pythons
  5 bats
  4 frilled lizards
  9 goblins
  19 kobolds
  5 rats
230 creatures vanquished.

Vanquished Creatures (others)
  A floating eye (shapeshifter) (D:11)
  38 fungi
  34 plants
73 creatures vanquished.

Grand Total: 303 creatures vanquished

Notes
Turn   | Place    | Note
-------+----------+-------------------------------------------
     0 | D:1      | groovy9 the Troll Berserker began the quest for the Orb.
     0 | D:1      | Reached XP level 1. HP: 22/22 MP: 0/0
   179 | D:1      | Found a faded altar of an unknown god.
   198 | D:1      | Reached skill level 3 in Maces & Flails
   398 | D:1      | Reached XP level 2. HP: 27/29 MP: 1/1
  1368 | D:2      | Reached ** piety under Trog
  1471 | D:2      | Reached XP level 3. HP: 36/36 MP: 2/2
  1544 | D:2      | Reached skill level 4 in Maces & Flails
  2034 | D:2      | Identified a scroll of acquirement
  2035 | D:2      | Acquired a +2 vorpal dire flail
  2211 | D:3      | Noticed Ijyb
  2213 | D:3      | Found Limun's Jewellery Shoppe.
  2217 | D:3      | Killed Ijyb
  2218 | D:3      | Reached XP level 4. HP: 34/44 MP: 3/3
  2536 | D:3      | Reached skill level 5 in Maces & Flails
  2538 | D:3      | Reached XP level 5. HP: 50/50 MP: 4/4
  2701 | D:3      | Noticed an ice beast
  2704 | D:3      | Killed an ice beast
  2705 | D:3      | Reached skill level 6 in Maces & Flails
  2705 | D:3      | Reached XP level 6. HP: 59/59 MP: 5/5
  2915 | D:3      | Noticed Jessica
  2921 | D:3      | Killed Jessica
  2928 | D:3      | Got Jessica's Folio of Iniquitous Rituals
  3104 | D:4      | You fall into a shaft and drop 1 floor!
  3104 | D:5      | Entered Level 5 of the Dungeon
  3174 | D:5      | Reached *** piety under Trog
  3175 | D:5      | Reached skill level 7 in Maces & Flails
  3494 | D:4      | Reached XP level 7. HP: 66/66 MP: 6/6
  3606 | D:4      | Found a shimmering altar of Xom.
  3900 | D:5      | Reached skill level 8 in Maces & Flails
  4224 | D:5      | Reached skill level 9 in Maces & Flails
  4224 | D:5      | Reached XP level 8. HP: 74/74 MP: 7/7
  4593 | D:6      | Identified the ring of Dociapoz {rC+ Will- Str+6 Slay-6}
  4748 | D:6      | Found Veuruzel's Weapon Boutique.
  4794 | D:6      | Reached skill level 10 in Maces & Flails
  5084 | D:6      | Found a staircase to the Ecumenical Temple.
  5296 | D:7      | Found Ipugi's Distillery.
  5314 | D:7      | Bought a potion of heal wounds for 65 gold pieces
  5314 | D:7      | Bought 2 potions of lignification for 78 gold pieces
  5360 | D:7      | Noticed Duvessa
  5361 | D:7      | Noticed Dowan
  5406 | D:7      | Killed Duvessa
  5409 | D:7      | Killed Dowan
  5409 | D:7      | Reached **** piety under Trog
  5410 | D:7      | Reached skill level 11 in Maces & Flails
  5507 | D:7      | Reached XP level 9. HP: 80/80 MP: 8/8
  5756 | D:7      | Gained mutation: Armour fits poorly on your strangely
                  | shaped body. [potion of mutation]
  5756 | D:7      | Gained mutation: You are weak. (Str -2) [potion of
                  | mutation]
  5757 | D:7      | Lost mutation: Armour fits poorly on your strangely shaped
                  | body. [potion of mutation]
  5757 | D:7      | Lost mutation: You are weak. (Str -2) [potion of mutation]
  5757 | D:7      | Gained mutation: You have sharp toenails. [potion of
                  | mutation]
  5813 | D:7      | Found a snail-covered altar of Cheibriados.
  6472 | D:8      | Reached skill level 12 in Maces & Flails
  6691 | D:8      | Noticed a two-headed ogre
  6709 | D:8      | Killed a two-headed ogre
  6710 | D:8      | Reached skill level 13 in Maces & Flails
  6859 | D:8      | Reached ***** piety under Trog
  6934 | D:8      | Found a snail-covered altar of Cheibriados.
  7230 | D:8      | Reached XP level 10. HP: 76/88 MP: 9/9
  7292 | D:8      | Found a burning altar of Makhleb.
  7577 | D:9      | Identified the +6 rapier "Norphaiph" {chaos, rN+ SInv}
  7586 | D:9      | Noticed Psyche
  7595 | D:9      | Killed Psyche
  7626 | D:9      | Reached skill level 14 in Maces & Flails
  7660 | D:9      | Identified the +1 robe of Wu Jian's Wrath {rPois Str+7
                  | Archmagi}
  8179 | D:10     | Entered Level 10 of the Dungeon
  8190 | D:10     | Reached skill level 5 in Fighting
  8337 | D:10     | Reached XP level 11. HP: 105/105 MP: 10/10
  8361 | D:10     | Found Xori's Antique Armour Emporium.
  8363 | D:10     | Found Cohit's Distillery.
  8366 | D:10     | Found Weur's Magic Scroll Emporium.
  8370 | D:10     | Found Agul's Armour Emporium.
  8371 | D:10     | Noticed a two-headed ogre
  8380 | D:10     | Killed a two-headed ogre
  8748 | D:10     | Found Vyts's Weapon Shop.
  8766 | D:10     | Noticed a two-headed ogre
  8771 | D:10     | Killed a two-headed ogre
  8850 | D:10     | Found an iron altar of Okawaru.
  9012 | D:11     | Noticed a deep elf pyromancer
  9012 | D:11     | Noticed an orc knight
  9012 | D:11     | Noticed an orc knight
  9012 | D:11     | Noticed a death knight
  9013 | D:11     | Noticed a centaur warrior
  9013 | D:11     | Noticed an ogre mage
  9013 | D:11     | Noticed a centaur warrior
  9049 | D:11     | Found a staircase to the Orcish Mines.
  9096 | D:11     | Noticed a two-headed ogre
  9099 | D:11     | Killed a two-headed ogre
  9195 | D:11     | Found a staircase to the Lair.
  9204 | D:11     | Received a gift from Trog
  9238 | D:11     | Noticed Maurice
  9248 | D:11     | Killed Maurice
  9339 | D:11     | Noticed a five-headed hydra
  9344 | D:11     | Killed a five-headed hydra
  9388 | D:11     | Noticed Sonja
  9402 | D:11     | Slain by Sonja

Illustrated notes

Levels and vault maps discovered:
D:1:      nicolae_arrival_somewhat_less_tricky_arrival, layout_loops_corners,
          shapermc_ecumenical_altar_notcrosses
D:2:      layout_loops_corners, serial_forest, infiniplex_forest_lined_ring,
          infiniplex_forest_fountain, infiniplex_forest_straight_4,
          infiniplex_forest_lined_corner, infiniplex_forest_clump_medium,
          infiniplex_forest_clump_double, infiniplex_forest_clump_C,
          infiniplex_forest_straight_3
D:3:      layout_basic, serial_shops, shop, kennysheep_jessica_study, uniq_ijyb
D:4:      layout_rooms, amcnicky_altar_gilded, minmay_goblin_kobold_house
D:5:      layout_loops_ring
D:6:      layout_loops_corners, minmay_temple_entry_glassed_door, serial_shops,
          shop_statue, minmay_door_square
D:7:      layout_cave_pods, serial_shops, nicolae_diamond_shop, serial_park,
          serial_park_tiny_2, serial_park_square2, serial_park_square1
          [serial_park_minivault_5x5_6], uniq_duvessa
D:8:      nicolae_cairo_tiling, layout_basic, mainiacjoe_overflow_catwalk_spiral
D:9:      layout_basic, kennysheep_potato, uniq_psyche
D:10:     layout_basic, overflow_temple_1_default, serial_shops, shop,
          minmay_misc_feat_encased, minmay_shop_grid_forest,
          nicolae_elevator_lobby_plus
D:11:     layout_basic, due_lair_maze_entry_diamond, minivault_12, uniq_maurice,
          uniq_sonja, uniq_gastronok

Skill      XL: |  1  2  3  4  5  6  7  8  9 10 11 |
---------------+----------------------------------+-----
Maces & Flails | 3 4 5 6 7 9 11 13 14 | 14.4
Fighting       | 6 9 |  9.2
Dodging        | |  2.4

Action                   |  1- 3 |  4- 6 |  7- 9 | 10-12 || total
-------------------------+-------+-------+-------+-------++-------
Melee: Mace              |    87 |       |       |       ||    87
       Dire flail        |    22 |    75 |   262 |   186 ||   545
       Kick              |       |       |    21 |    48 ||    69
Invok: Trog's Hand       |       |     1 |       |     1 ||     2
       Berserk           |       |       |     4 |     3 ||     7
Evoke: Wand              |       |       |       |     1 ||     1
  Use: Scroll            |     5 |     4 |    15 |     2 ||    26
       Potion            |     2 |     2 |     5 |       ||     9
 Stab: Sleeping          |     3 |     1 |     1 |       ||     5
       Distracted        |       |       |     1 |       ||     1
Armor: Animal skin       |    42 |    23 |    54 |     3 ||   122
       Robe              |       |       |       |    24 ||    24
Dodge: Dodged            |    55 |    22 |    95 |    96 ||   268
Block: Other             |     9 |    15 |    47 |    43 ||   114
       Reflection        |       |     1 |     1 |     3 ||     5
